TOP OF THE 1ST |
Texas Rangers batting - Pitching for Baltimore Orioles : RHP Ryan Sobocinski
|
Pitching: RHP Ryan Sobocinski
|
|
Batting: SHB Jun Tsuda
|
0-0: Ball 1-0: Ball 2-0: Called Strike 2-1: Swinging Strike 2-2: Strikes out swinging
|
Batting: LHB Sean Geisler
|
0-0: Ball 1-0: Foul Ball, location: 2F 1-1: Swinging Strike 1-2: Ball 2-2: Strikes out swinging, 2-3 out at first.
|
Batting: SHB John Giesbrecht
|
0-0: Ball 1-0: Fly out, F8 (Flyball, 8LM, EV 88.1 MPH)
|
Top of the 1st over - 0 runs, 0 hits, 0 errors, 0 left on base; Texas 0 - Baltimore 0 |
BOTTOM OF THE 1ST |
Baltimore Orioles batting - Pitching for Texas Rangers : RHP Gavin Nelson
|
Pitching: RHP Gavin Nelson
|
|
Batting: LHB Jesus Lozano
|
0-0: Ball 1-0: Ball 2-0: Ball 3-0: Called Strike 3-1: Called Strike 3-2: Foul Ball, location: 2F 3-2: Base on Balls
|
Batting: RHB Vince Jackson
|
0-0: Swinging Strike 0-1: Swinging Strike 0-2: Ball 1-2: Ball 2-2: Strikes out looking and he ARGUES THE CALL AND IS TOSSED!
|
Batting: RHB Rudo Garciaparra
|
0-0: Ball 1-0: Fly out, F7 (Flyball, 7, EV 83.8 MPH)
|
Batting: LHB Brad Pepin
|
0-0: Called Strike 0-1: Called Strike Jesus Lozano is caught stealing 2nd base 2-6
|
Bottom of the 1st over - 0 runs, 0 hits, 0 errors, 0 left on base; Texas 0 - Baltimore 0 |
TOP OF THE 2ND |
Texas Rangers batting - Pitching for Baltimore Orioles : RHP Ryan Sobocinski
|
Batting: RHB Butch Kaiser
|
0-0: Ball 1-0: Ball 2-0: Swinging Strike 2-1: Fly out, F2 (Popup, 23F, EV 90.6 MPH)
|
Batting: SHB Vince Ealy
|
0-0: Called Strike 0-1: Swinging Strike 0-2: Foul Ball, location: 2F 0-2: Ball 1-2: Ball 2-2: Foul Ball, location: 2F 2-2: Foul Ball, location: 2F 2-2: SINGLE (Groundball, 4M, EV 85.0 MPH) (infield hit)
|
Batting: LHB Cody Schumacher
|
0-0: Reached on error, E4 (Groundball, 34, EV 83.8 MPH) Vince Ealy to second
|
Batting: RHB Ray Llewellyn
|
0-0: SINGLE (Groundball, 56S, EV 65.0 MPH) (infield hit) Vince Ealy to third Cody Schumacher to second
|
Batting: LHB Andy Bowman
|
0-0: Called Strike 0-1: Ball 1-1: Called Strike 1-2: Foul Ball, location: 2F 1-2: Ball 2-2: Foul Ball, location: 2F 2-2: Ball 3-2: Foul Ball, location: 2F 3-2: Grounds into fielders choice 1-2 (Groundball, 15S, EV 63.1 MPH) Cody Schumacher to third Ray Llewellyn to second
|
Batting: RHB Zhao-ji Chi
|
0-0: SINGLE (Groundball, 6M, EV 103.8 MPH) (infield hit) Cody Schumacher scores Ray Llewellyn to third Andy Bowman to second
|
Batting: SHB Jun Tsuda
|
0-0: Ball 1-0: Called Strike 1-1: Ball 2-1: Foul Ball, location: 2F 2-2: DOUBLE (Groundball, 3L, EV 103.8 MPH) Ray Llewellyn scores Andy Bowman scores Zhao-ji Chi to third Runner from 3rd tries for Home, throw by RF and OUT! 9-4-2
|
Top of the 2nd over - 3 runs, 4 hits, 1 error, 1 left on base; Texas 3 - Baltimore 0 |
BOTTOM OF THE 2ND |
Baltimore Orioles batting - Pitching for Texas Rangers : RHP Gavin Nelson
|
Batting: LHB Brad Pepin
|
0-0: Ball 1-0: Swinging Strike 1-1: Foul Ball, location: 2F 1-2: Strikes out swinging
|
Batting: LHB Tommy Luce
|
0-0: Foul Ball, location: 2F 0-1: Ball 1-1: Ball 2-1: Foul Ball, location: 2F 2-2: Fly out, F7 (Flyball, 7D, EV 87.5 MPH)
|
Batting: RHB Randy Johnson Jr.
|
0-0: Called Strike 0-1: Ball 1-1: Foul Ball, location: 2F 1-2: Strikes out swinging, 2-3 out at first.
|
Bottom of the 2nd over - 0 runs, 0 hits, 0 errors, 0 left on base; Texas 3 - Baltimore 0 |
TOP OF THE 3RD |
Texas Rangers batting - Pitching for Baltimore Orioles : RHP Ryan Sobocinski
|
Batting: LHB Sean Geisler
|
0-0: Ball 1-0: SINGLE (Flyball, 89S, EV 85.0 MPH)
|
Batting: SHB John Giesbrecht
|
0-0: Called Strike 0-1: Ball 1-1: Swinging Strike 1-2: Ball 2-2: Fly out, F7 (Flyball, 7LMF, EV 88.1 MPH)
|
Batting: RHB Butch Kaiser
|
0-0: Called Strike Sean Geisler steals 2nd base 0-1: SINGLE (Groundball, 4S, EV 71.2 MPH) (infield hit) Sean Geisler to third
|
Batting: SHB Vince Ealy
|
0-0: Ball 1-0: Ball 2-0: Foul Ball, location: 2F 2-1: Ball 3-1: Base on Balls Butch Kaiser to second
|
Batting: LHB Cody Schumacher
|
0-0: Ball 1-0: Foul Ball, location: 2F 1-1: Foul Ball, location: 2F 1-2: GRAND SLAM HOME RUN (Flyball, 9D, EV 96.2 MPH), Distance : 386 ft
|
Pitching: RHP Josh Wollaston
|
|
Batting: RHB Ray Llewellyn
|
0-0: Swinging Strike 0-1: Ball 1-1: Fly out, F8 (Flyball, 8LM, EV 79.4 MPH)
|
Batting: LHB Andy Bowman
|
0-0: Ball 1-0: Ball 2-0: Fly out, F3 (Popup, 3SF, EV 69.4 MPH)
|
Top of the 3rd over - 4 runs, 3 hits, 0 errors, 0 left on base; Texas 7 - Baltimore 0 |
BOTTOM OF THE 3RD |
Baltimore Orioles batting - Pitching for Texas Rangers : RHP Gavin Nelson
|
Batting: LHB Paul Diaz
|
0-0: Ball 1-0: Ball 2-0: Fly out, F9 (Flyball, 89M, EV 89.4 MPH)
|
Batting: SHB Eduardo Maldonado
|
0-0: Ball 1-0: Ground out 4-3 (Groundball, 4, EV 86.9 MPH)
|
Batting: LHB Bob Melley
|
0-0: Ball 1-0: Fly out, F7 (Flyball, 78M, EV 91.2 MPH)
|
Bottom of the 3rd over - 0 runs, 0 hits, 0 errors, 0 left on base; Texas 7 - Baltimore 0 |
TOP OF THE 4TH |
Texas Rangers batting - Pitching for Baltimore Orioles : RHP Josh Wollaston
|
Batting: RHB Zhao-ji Chi
|
0-0: Ball 1-0: Called Strike 1-1: Called Strike 1-2: Strikes out looking
|
Batting: SHB Jun Tsuda
|
0-0: Called Strike 0-1: Ball 1-1: Ball 2-1: Ball 3-1: Foul Ball, location: 2F 3-2: Base on Balls
|
Batting: LHB Sean Geisler
|
0-0: Called Strike 0-1: Ball 1-1: Ball 2-1: Hit by Pitch Jun Tsuda to second
|
Batting: SHB John Giesbrecht
|
0-0: Called Strike 0-1: Ball 1-1: Ball 2-1: Called Strike 2-2: Foul Ball, location: 2F 2-2: Strikes out swinging
|
Batting: RHB Butch Kaiser
|
0-0: Ball 1-0: Foul Ball, location: 2F 1-1: Swinging Strike 1-2: Ball 2-2: Strikes out swinging
|
Top of the 4th over - 0 runs, 0 hits, 0 errors, 2 left on base; Texas 7 - Baltimore 0 |
BOTTOM OF THE 4TH |
Baltimore Orioles batting - Pitching for Texas Rangers : RHP Gavin Nelson
|
Batting: LHB Jesus Lozano
|
0-0: Foul Ball, location: 2F 0-1: Called Strike 0-2: Ball 1-2: Ball 2-2: Foul Ball, location: 2F 2-2: Fly out, F7 (Line Drive, 78M, EV 105.6 MPH)
|
Batting: RHB Saimei Kudo
|
0-0: Swinging Strike 0-1: Ball 1-1: Ball 2-1: Swinging Strike 2-2: Ground out 6-3 (Groundball, 6, EV 82.5 MPH)
|
Batting: RHB Rudo Garciaparra
|
0-0: Ball 1-0: Foul Ball, location: 2F 1-1: SOLO HOME RUN (Line Drive, 78XD, EV 96.9 MPH), Distance : 376 ft
|
Batting: LHB Brad Pepin
|
0-0: Called Strike 0-1: Ball 1-1: Ball 2-1: Ball 3-1: Fly out, F7 (Flyball, 78S, EV 92.5 MPH)
|
Bottom of the 4th over - 1 run, 1 hit, 0 errors, 0 left on base; Texas 7 - Baltimore 1 |
TOP OF THE 5TH |
Texas Rangers batting - Pitching for Baltimore Orioles : RHP Josh Wollaston
|
Batting: SHB Vince Ealy
|
0-0: Ball 1-0: Ground out 6-3 (Groundball, 6MD, EV 102.5 MPH)
|
Batting: LHB Cody Schumacher
|
0-0: Ball 1-0: Foul Ball, location: 2F 1-1: Called Strike 1-2: Strikes out swinging
|
Batting: RHB Ray Llewellyn
|
0-0: Ball 1-0: Called Strike 1-1: Ball 2-1: Ball 3-1: Called Strike 3-2: Foul Ball, location: 2F 3-2: Foul Ball, location: 2F 3-2: Foul Ball, location: 2F 3-2: Base on Balls
|
Batting: LHB Andy Bowman
|
0-0: Ball 1-0: Ball 2-0: Foul Ball, location: 2F 2-1: Ball 3-1: Called Strike 3-2: Foul Ball, location: 2F 3-2: DOUBLE (Flyball, 89XD, EV 96.2 MPH) Ray Llewellyn to third Ray Llewellyn scores
|
Batting: RHB Zhao-ji Chi
|
0-0: Ball 1-0: Ball 2-0: Swinging Strike 2-1: DOUBLE (Line Drive, 7LM, EV 111.2 MPH) Andy Bowman scores
|
Batting: SHB Jun Tsuda
|
0-0: Ball 1-0: Swinging Strike 1-1: Ball 2-1: Ball 3-1: Base on Balls
|
Batting: LHB Sean Geisler
|
0-0: Called Strike 0-1: Ball 1-1: Ball 2-1: Ball 3-1: Foul Ball, location: 2F 3-2: Base on Balls Zhao-ji Chi to third Jun Tsuda to second
|
Batting: SHB John Giesbrecht
|
0-0: Ball 1-0: Swinging Strike 1-1: SINGLE (Groundball, 34, EV 105.6 MPH) Zhao-ji Chi scores Jun Tsuda to third Sean Geisler to second Runner from 3rd tries for Home, throw by RF and OUT! 9-2
|
Top of the 5th over - 3 runs, 3 hits, 0 errors, 2 left on base; Texas 10 - Baltimore 1 |
BOTTOM OF THE 5TH |
Baltimore Orioles batting - Pitching for Texas Rangers : RHP Gavin Nelson
|
Batting: LHB Tommy Luce
|
0-0: Swinging Strike 0-1: Swinging Strike 0-2: Strikes out looking
|
Batting: RHB Randy Johnson Jr.
|
0-0: Ball 1-0: Ball 2-0: Called Strike 2-1: Fly out, F8 (Flyball, 8RM, EV 86.9 MPH)
|
Batting: LHB Paul Diaz
|
0-0: Swinging Strike 0-1: Ground out 6-3 (Groundball, 4MD, EV 90.0 MPH)
|
Bottom of the 5th over - 0 runs, 0 hits, 0 errors, 0 left on base; Texas 10 - Baltimore 1 |
TOP OF THE 6TH |
Texas Rangers batting - Pitching for Baltimore Orioles : RHP Josh Wollaston
|
Pitching: RHP Antonio Escobosa
|
|
Batting: RHB Butch Kaiser
|
0-0: Ball 1-0: Ball 2-0: Foul Ball, location: 2F 2-1: Foul Ball, location: 2F 2-2: Strikes out swinging
|
Batting: SHB Vince Ealy
|
0-0: SINGLE (Groundball, 3D, EV 102.5 MPH)
|
Batting: LHB Cody Schumacher
|
0-0: Ball 1-0: Ball 2-0: Fly out, F7 (Flyball, 7S, EV 86.2 MPH)
|
Batting: RHB Ray Llewellyn
|
0-0: Called Strike 0-1: Called Strike 0-2: Foul Ball, location: 2F 0-2: Ball 1-2: Fielders Choice at 2nd, 5-4 (Groundball, 5L, EV 85.6 MPH)
|
Top of the 6th over - 0 runs, 1 hit, 0 errors, 1 left on base; Texas 10 - Baltimore 1 |
BOTTOM OF THE 6TH |
Baltimore Orioles batting - Pitching for Texas Rangers : RHP Gavin Nelson
|
Batting: SHB Eduardo Maldonado
|
0-0: Called Strike 0-1: Called Strike 0-2: Strikes out looking
|
Batting: LHB Bob Melley
|
0-0: Ball 1-0: Ball 2-0: Ball 3-0: Base on Balls
|
Batting: LHB Jesus Lozano
|
0-0: Ball 1-0: Called Strike 1-1: Ball 2-1: Foul Ball, location: 2F 2-2: Foul Ball, location: 2F 2-2: Foul Ball, location: 2F 2-2: Foul Ball, location: 2F 2-2: Ball 3-2: Foul Ball, location: 2F 3-2: Foul Ball, location: 2F 3-2: Strikes out looking
|
Batting: RHB Saimei Kudo
|
0-0: Called Strike 0-1: Fielders Choice at 2nd, 6-4 (Groundball, 6, EV 85.0 MPH)
|
Bottom of the 6th over - 0 runs, 0 hits, 0 errors, 1 left on base; Texas 10 - Baltimore 1 |
TOP OF THE 7TH |
Texas Rangers batting - Pitching for Baltimore Orioles : RHP Antonio Escobosa
|
Batting: LHB Andy Bowman
|
0-0: Called Strike 0-1: Foul Ball, location: 2F 0-2: Ball 1-2: Strikes out looking
|
Batting: RHB Zhao-ji Chi
|
0-0: Foul Ball, location: 2F 0-1: Ball 1-1: Ground out 4-3 (Groundball, 4S, EV 76.9 MPH)
|
Batting: SHB Jun Tsuda
|
0-0: Called Strike 0-1: Foul Ball, location: 2F 0-2: Foul Ball, location: 2F 0-2: Foul Ball, location: 2F 0-2: Ball 1-2: Ball 2-2: Fly out, F7 (Flyball, 78D, EV 100.6 MPH)
|
Top of the 7th over - 0 runs, 0 hits, 0 errors, 0 left on base; Texas 10 - Baltimore 1 |
BOTTOM OF THE 7TH |
Baltimore Orioles batting - Pitching for Texas Rangers : RHP Gavin Nelson
|
Batting: RHB Rudo Garciaparra
|
0-0: Ball 1-0: Called Strike 1-1: Foul Ball, location: 2F 1-2: Ball 2-2: Hit by Pitch
|
Batting: LHB Brad Pepin
|
0-0: Ball Rudo Garciaparra steals 2nd base (no throw) 1-0: Fly out, F8 (Flyball, 8LD, EV 98.1 MPH)
|
Batting: LHB Tommy Luce
|
0-0: Ball Rudo Garciaparra is caught stealing 3rd base 2-5 1-0: Ball 2-0: Foul Ball, location: 2F 2-1: Ball 3-1: Base on Balls
|
Batting: RHB Randy Johnson Jr.
|
0-0: Ball 1-0: Fly out, F8 (Flyball, 8RM, EV 85.0 MPH)
|
Bottom of the 7th over - 0 runs, 0 hits, 0 errors, 1 left on base; Texas 10 - Baltimore 1 |
TOP OF THE 8TH |
Texas Rangers batting - Pitching for Baltimore Orioles : RHP Antonio Escobosa
|
Batting: LHB Sean Geisler
|
0-0: Ball 1-0: Ball 2-0: Called Strike 2-1: Foul Ball, location: 2F 2-2: Strikes out swinging
|
Batting: SHB John Giesbrecht
|
0-0: Ball 1-0: Fly out, F7 (Flyball, 7LM, EV 91.9 MPH)
|
Batting: RHB Butch Kaiser
|
0-0: Ball 1-0: Ball 2-0: Ball 3-0: Called Strike 3-1: Foul Ball, location: 2F 3-2: Strikes out swinging
|
Top of the 8th over - 0 runs, 0 hits, 0 errors, 0 left on base; Texas 10 - Baltimore 1 |
BOTTOM OF THE 8TH |
Baltimore Orioles batting - Pitching for Texas Rangers : RHP Gavin Nelson
|
Batting: LHB Paul Diaz
|
0-0: Ball 1-0: Ground out U3 (Groundball, 3, EV 95.6 MPH)
|
Batting: SHB Eduardo Maldonado
|
0-0: Ball 1-0: Ball 2-0: Called Strike 2-1: Foul Ball, location: 2F 2-2: Foul Ball, location: 2F 2-2: Ground out 3-1 (Groundball, 34, EV 106.9 MPH)
|
Batting: LHB Bob Melley
|
0-0: Foul Ball, location: 2F 0-1: Ball 1-1: Ball 2-1: Ball 3-1: Base on Balls
|
Pitching: LHP Justin Harris
|
|
Pinch Hitting: RHB Bobby Melillo
|
0-0: DOUBLE (Line Drive, 89D, EV 105.6 MPH) Bob Melley to third Runner from 3rd tries for Home, SAFE, throw by RF to trailing runner, OUT at third! 9-3-5
|
Bottom of the 8th over - 1 run, 1 hit, 0 errors, 0 left on base; Texas 10 - Baltimore 2 |
TOP OF THE 9TH |
Texas Rangers batting - Pitching for Baltimore Orioles : RHP Antonio Escobosa
|
Pitching: RHP Bobby Marble
|
|
Now at 3B: Bobby Melillo
|
|
Batting: SHB Vince Ealy
|
0-0: Called Strike 0-1: Swinging Strike 0-2: Ball 1-2: Ground out 4-3 (Groundball, 4, EV 85.0 MPH)
|
Batting: LHB Cody Schumacher
|
0-0: Ball 1-0: Called Strike 1-1: Ball 2-1: Swinging Strike 2-2: Ball 3-2: Foul Ball, location: 2F 3-2: Strikes out looking
|
Batting: RHB Ray Llewellyn
|
0-0: Ball 1-0: Ball 2-0: Foul Ball, location: 2F 2-1: Ball 3-1: Foul Ball, location: 2F 3-2: Foul Ball, location: 2F 3-2: Base on Balls
|
Batting: LHB Andy Bowman
|
0-0: Called Strike 0-1: SINGLE (Groundball, 34S, EV 76.9 MPH) (infield hit) Ray Llewellyn to second
|
Batting: RHB Zhao-ji Chi
|
0-0: DOUBLE (Groundball, 5L, EV 103.1 MPH) Ray Llewellyn scores Andy Bowman to third Runner from 3rd tries for Home, SAFE, throw by LF to trailing runner, SAFE at third!
|
Batting: SHB Jun Tsuda
|
0-0: 2-RUN HOME RUN (Flyball, 9D, EV 100.6 MPH), Distance : 378 ft
|
Pitching: RHP Terry Huffmaster
|
|
Batting: LHB Sean Geisler
|
0-0: Ball 1-0: Ball 2-0: Foul Ball, location: 2F 2-1: Foul Ball, location: 2F 2-2: Strikes out swinging
|
Top of the 9th over - 4 runs, 3 hits, 0 errors, 0 left on base; Texas 14 - Baltimore 2 |
BOTTOM OF THE 9TH |
Baltimore Orioles batting - Pitching for Texas Rangers : LHP Justin Harris
|
Batting: RHB Saimei Kudo
|
0-0: Foul Ball, location: 2F 0-1: Ball 1-1: Ball 2-1: Foul Ball, location: 2F 2-2: Ball 3-2: Base on Balls
|
Batting: RHB Rudo Garciaparra
|
0-0: Ball 1-0: Called Strike 1-1: Foul Ball, location: 2F 1-2: Foul Ball, location: 2F 1-2: Foul Ball, location: 2F 1-2: Ball 2-2: Ball 3-2: Strikes out swinging
|
Batting: LHB Brad Pepin
|
0-0: Called Strike 0-1: Ball 1-1: Ball 2-1: Ball 3-1: Foul Ball, location: 2F 3-2: Strikes out swinging Saimei Kudo steals 2nd base (no throw) Batter strikes out.
|
Pinch Hitting: SHB Jason Hayes
|
0-0: Foul Ball, location: 2F 0-1: Foul Ball, location: 2F 0-2: Fly out, F2 (Popup, 25F, EV 82.5 MPH)
|
Bottom of the 9th over - 0 runs, 0 hits, 0 errors, 1 left on base; Texas 14 - Baltimore 2 |
|